 Dungeon Crawl Stone Soup version 0.21.0-24-g2553a33 (webtiles) character file.

6267 komo4ek the Apostle (level 10, -6/83 HPs)
             Began as a Hill Orc Necromancer on Jan 20, 2018.
             Was a High Priest of Beogh.
             Mangled by an unseen horror (12 damage)
             ... on level 10 of the Dungeon.
             The game lasted 01:04:23 (13193 turns).

komo4ek the Apostle (Hill Orc Necromancer)         Turns: 13193, Time: 01:04:24

Health: -6/83      AC: 13    Str: 12    XL:     10   Next: 94%
Magic:  28/28      EV: 13    Int: 18    God:    Beogh [*****.]
Gold:   467        SH:  0    Dex: 11    Spells: 6/21 levels left

rFire    . . .     SeeInvis .   f - +1 glaive (venom)
rCold    . . .     Gourm    .   (shield currently unavailable)
rNeg     . . .     Faith    +   v - +1 animal skin
rPois    .         Spirit   .   e - +0 helmet
rElec    .         Reflect  .   A - +0 cloak
rCorr    .         Harm     .   d - +0 pair of gloves
MR       .....     Rnd*Rage +   R - +2 pair of boots
Stlth    +.........             C - amulet of faith
HPRegen  0.23/turn              L - +2 ring of protection
MPRegen  0.21/turn              J - ring of magical power

@: confused, hasted, very quick
A: walk on water, rugged brown scales 1, berserk 1
a: Smiting, Recall Orcish Followers, Give Item to Named Follower, Renounce
Religion


You were on level 10 of the Dungeon.
You worshipped Beogh.
Beogh was extremely pleased with you.
You were hungry.

You visited 1 branch of the dungeon, and saw 10 of its levels.
You also visited: Ossuary.

You collected 467 gold pieces.

Inventory:

Hand Weapons
 f - a +1 glaive of venom (weapon)
 s - a +1 halberd
 H - a +2 great sword of protection
 N - a +0 trident of piercing
Armour
 d - a +0 pair of gloves (worn)
 e - a +0 helmet (worn)
 v - a +1 animal skin (worn)
 A - a +0 cloak (worn)
 R - a +2 pair of boots (worn)
Jewellery
 a - a +4 ring of evasion {unknown}
 C - an amulet of faith (around neck)
 J - a ring of magical power (right hand)
 L - a +2 ring of protection (left hand)
Wands
 q - a wand of random effects (44)
 x - a wand of flame (13)
 B - a wand of polymorph (15)
Scrolls
 i - 4 scrolls of enchant weapon
 m - a scroll of fear
 o - 3 scrolls of remove curse
 p - 7 scrolls of teleportation
 r - 3 scrolls of noise
 t - a scroll of random uselessness
 y - a scroll of magic mapping
 F - 3 scrolls of blinking
 I - a scroll of immolation
Potions
 g - 2 potions of brilliance
 h - 2 potions of flight
 j - 3 potions of degeneration {unknown}
 l - a potion of agility
 n - 5 potions of lignification
 z - 2 potions of haste
 D - a potion of invisibility {unknown}
 E - a potion of mutation
 G - a potion of ambrosia
 P - a potion of resistance
Books
 b - a book of Necromancy

   Spells                             Type                      Level
   a - Pain                           Necromancy                   1
   b - Animate Skeleton               Necromancy                   1
   c - Vampiric Draining              Necromancy                   3
   d - Regeneration                   Charms/Necromancy            3
   e - Animate Dead                   Necromancy                   4
   f - Borgnjor's Vile Clutch         Necromancy/Earth             5
 u - a book of Callings

   Spells                             Type                      Level
   a - Summon Small Mammal            Summoning                    1
   b - Call Imp                       Summoning                    2
   c - Call Canine Familiar           Summoning                    3
   d - Summon Guardian Golem          Hexes/Summoning              3
   e - Summon Lightning Spire         Summoning/Air                4
   f - Summon Ice Beast               Ice/Summoning                4
 K - a book of Enchantments

   Spells                             Type                      Level
   a - Cause Fear                     Hexes                        4
   b - Yara's Violent Unravelling     Hexes/Transmutation          5
   c - Silence                        Hexes/Air                    5
   d - Deflect Missiles               Charms/Air                   6
   e - Discord                        Hexes                        8
Comestibles
 c - 13 rations


   Skills:
 + Level 5.0 Fighting
 + Level 4.7 Armour
 + Level 3.9 Dodging
 - Level 1.5 Stealth
 + Level 6.0 Spellcasting
 - Level 5.0 Summonings
 + Level 8.7 Necromancy
 + Level 9.9 Invocations


You had 6 spell levels left.
You knew the following spells:

 Your Spells              Type           Power        Failure   Level  Hunger
a - Pain                  Necr           ####         1%          1    None
b - Animate Skeleton      Necr           N/A          1%          1    None
c - Vampiric Draining     Necr           #####.....   1%          3    ##.....
d - Call Canine Familiar  Summ           ###.....     4%          3    ##.....
e - Regeneration          Chrm/Necr      ###.......   6%          3    ##.....
f - Animate Dead          Necr           N/A          3%          4    ####...


Dungeon Overview and Level Annotations

Branches:
Dungeon (10/15)            Temple (0/1) D:6            Lair (0/6) D:9
    Orc: D:9-12

Altars:
Makhleb
Xom


Innate Abilities, Weirdness & Mutations

You can walk on water.
You are partially covered in rugged brown scales. (AC +1, +3% HP)
You tend to lose your temper in combat.


Message History

Are you sure you want to stumble around while confused and next to your ally the orc wizard?
This could place you under penance!
Okay, then.
Something hits you.
* * * LOW HITPOINT WARNING * * *
Your hound bites something.
Something hits you!
* * * LOW HITPOINT WARNING * * *
Okay, then.
You're too confused!
Unknown command.
Unknown command.
You're too confused!
Unknown command.
You're too confused to cast spells.
Okay, then.
Are you sure you want to stumble around while confused and next to your ally the orc wizard?
This could place you under penance! [Y]es or [N]o only, please.
Are you sure you want to stumble around while confused and next to your ally the orc wizard?
This could place you under penance!
Okay, then.
Something hits you!
You die...

..# ### #.# #[. #.# ###.#######.#
##.########...... ..#.#
#.....@o....#.# #.#.#
#..###{h.#..#.#####.#.#
#..###.#.#.............
#........)..........#..
###########...##.#.##...).......[
..........)......#.##.######.....
....#####.##..##.#.##.######..###
###.# #.##....................<
#.# #.###.##...#########..###


You could see a friendly hound and a friendly orc wizard.

Vanquished Creatures
  2 two-headed ogres
  Pikel (D:8)
  A gargoyle (D:10)
  A hornet (D:9)
  A slime creature (D:10)
  2 yaks (D:9)
  2 sky beasts
  A black bear (D:8)
  2 ice beasts
  2 orc warriors (D:6)
  2 ogres
  2 slaves (D:8)
  A centaur (D:9)
  A water moccasin skeleton (D:6)
  A scorpion (D:8)
  6 killer bees
  A wight (D:9)
  An electric eel (D:8)
  2 crimson imps
  3 orc priests
  2 hounds
  5 jellies
  An orc wizard (D:7)
  Jessica (D:2)
  Ijyb (D:3)
  Terence (D:3)
  3 iguanas
  2 worker ants
  A big kobold zombie (Ossuary)
  A mummy (Ossuary)
  A gnoll (D:6)
  5 adders
  A shadow imp (D:9)
  6 oozes (D:10)
  An adder skeleton (D:4)
  3 dart slugs
  6 leopard geckos
  11 orcs
  2 ball pythons
  5 bats
  4 giant cockroaches
  5 hobgoblins
  9 jackals
  7 kobolds
  A quokka (D:9)
  5 frilled lizards
  5 goblins
  A goblin zombie (Ossuary)
  2 hobgoblin zombies (Ossuary)
  A kobold zombie (Ossuary)
  A quokka skeleton (D:4)
  2 quokka zombies (D:7)
  9 rats
146 creatures vanquished.

Vanquished Creatures (collateral kills)
  Erolcha (D:9)
  A troll (D:9)
  2 hippogriffs
  A yak (D:9)
  A hungry ghost (D:10)
  A human (D:8)
  Grum (D:9)
  A wyvern (D:9)
  An ice beast (D:9)
  A black bear (D:9)
  3 ogres
  2 phantoms
  2 wolves (D:9)
  An elf zombie (Ossuary)
  A wyvern skeleton (D:5)
  2 scorpions
  4 killer bees (D:10)
  An electric eel (D:8)
  8 wights (D:9)
  A crimson imp (D:5)
  2 hounds
  4 jellies
  4 orc priests
  An iguana (D:6)
  2 orc wizards
  2 worker ants
  2 hound zombies (Ossuary)
  3 mummies (Ossuary)
  2 gnolls (D:6)
  2 adders (D:4)
  6 oozes (D:10)
  An adder skeleton (D:7)
  5 leopard geckos
  9 orcs
  A giant cockroach (D:8)
  A gnoll zombie (Ossuary)
  A goblin (D:5)
  A jackal (D:3)
  A quokka (D:8)
  2 frilled lizards (D:4)
  2 hobgoblin zombies (Ossuary)
  A kobold (D:5)
  A kobold zombie (Ossuary)
  A plant (D:9)
93 creatures vanquished.

Vanquished Creatures (others)
  3 orc warriors
  An ogre (D:5)
  A crocodile (D:8)
  2 orc priests (D:9)
  3 killer bees (D:9)
  2 orc wizards
  A hound zombie (D:5)
  An adder skeleton (D:5)
  12 orcs
  A giant cockroach (D:4)
  12 fungi
  2 plants
41 creatures vanquished.

Grand Total: 280 creatures vanquished

Notes
Turn   | Place    | Note
-------+----------+-------------------------------------------
     0 | D:1      | komo4ek the Hill Orc Necromancer began the quest for the Orb.
     0 | D:1      | Reached XP level 1. HP: 14/14 MP: 3/3
   266 | D:1      | Reached XP level 2. HP: 9/20 MP: 0/4
   279 | D:1      | Learned a level 1 spell: Animate Skeleton
  1385 | D:1      | Reached XP level 3. HP: 23/26 MP: 3/6
  1941 | D:2      | Found a faded altar of an unknown god.
  2569 | D:2      | Noticed Jessica
  2571 | D:2      | Killed Jessica
  2571 | D:2      | Reached XP level 4. HP: 32/33 MP: 4/8
  2580 | D:2      | Learned a level 3 spell: Vampiric Draining
  2788 | D:3      | Reached skill level 5 in Necromancy
  3365 | D:3      | Learned a level 3 spell: Call Canine Familiar
  3427 | D:3      | Noticed Ijyb
  3525 | D:3      | Killed Ijyb
  3525 | D:3      | Reached skill level 1 in Summonings
  3525 | D:3      | Reached XP level 5. HP: 27/38 MP: 6/9
  3568 | D:3      | Found a burning altar of Makhleb.
  3723 | D:3      | Noticed Terence
  3733 | D:3      | Killed Terence
  4002 | D:4      | Became a worshipper of Beogh the Brigand
  4086 | D:4      | Reached XP level 6. HP: 45/45 MP: 6/10
  5111 | D:4      | You fall through a shaft for 2 floors!
  5274 | D:6      | Noticed a phantom
  5293 | D:6      | Reached skill level 1 in Invocations
  5300 | D:6      | Killed a phantom
  5300 | D:6      | Reached * piety under Beogh
  5300 | D:6      | Reached skill level 2 in Invocations
  5351 | D:6      | Noticed an orc warrior
  5358 | D:6      | Killed an orc warrior
  5358 | D:6      | Reached skill level 3 in Invocations
  5358 | D:6      | Reached XP level 7. HP: 48/50 MP: 7/11
  5530 | D:6      | Found a staircase to the Ecumenical Temple.
  5639 | D:6      | Reached skill level 4 in Invocations
  5685 | D:6      | Learned a level 3 spell: Regeneration
  5706 | D:6      | Reached skill level 5 in Summonings
  6319 | D:6      | Reached skill level 5 in Invocations
  6331 | D:6      | Reached XP level 8. HP: 56/57 MP: 7/13
  6542 | D:5      | Entered Level 5 of the Dungeon
  6575 | D:5      | Reached ** piety under Beogh
  6621 | D:5      | Found a shimmering altar of Xom.
  7540 | D:7      | Found a sand-covered staircase.
  7557 | Ossuary  | Entered an ossuary
  7841 | D:7      | Reached skill level 6 in Invocations
  8015 | D:7      | Reached *** piety under Beogh
  8100 | D:7      | Noticed a hippogriff
  8114 | D:7      | Killed a hippogriff
  8180 | D:7      | Learned a level 4 spell: Animate Dead
  8293 | D:7      | Reached skill level 7 in Invocations
  8663 | D:8      | Noticed a two-headed ogre
  8679 | D:8      | Killed a two-headed ogre
  8679 | D:8      | Reached XP level 9. HP: 62/62 MP: 12/16
  8777 | D:8      | Reached skill level 8 in Invocations
  8857 | D:8      | Reached skill level 5 in Spellcasting
  9240 | D:8      | Noticed Pikel
  9250 | D:8      | Killed Pikel
  9250 | D:8      | Reached skill level 1 in Fighting
  9250 | D:8      | Reached skill level 1 in Armour
  9988 | D:9      | Noticed a hornet
  9991 | D:9      | Killed a hornet
 10518 | D:9      | Reached XP level 10. HP: 69/75 MP: 16/18
 10671 | D:9      | Found a staircase to the Lair.
 10682 | D:9      | Reached skill level 9 in Invocations
 10759 | D:9      | Gained Orkwin as an ally
 10890 | D:9      | Reached **** piety under Beogh
 11388 | D:9      | Noticed Erolcha
 11401 | D:9      | Killed Erolcha
 11628 | D:9      | Noticed Grum
 11642 | D:9      | Killed Grum
 11930 | D:9      | Your ally Orkwin died
 12206 | D:10     | Entered Level 10 of the Dungeon
 12744 | D:10     | Reached ***** piety under Beogh
 12761 | D:10     | Noticed a gargoyle
 12768 | D:10     | Noticed a two-headed ogre
 12772 | D:10     | Killed a gargoyle
 12866 | D:10     | Killed a two-headed ogre
 13077 | D:10     | Reached skill level 5 in Fighting
 13188 | D:10     | Gained mutation: You are clumsy. (Dex -2) [potion of mutation]
 13188 | D:10     | Gained mutation: You tend to lose your temper in combat. [potion of mutation]
 13188 | D:10     | Lost mutation: You are clumsy. (Dex -2) [potion of mutation]
 13188 | D:10     | Gained mutation: You are partially covered in rugged brown scales. (AC +1, +3% HP) [potion of mutation]
 13192 | D:10     | HP: 4/83 [something (7)]
 13193 | D:10     | Mangled by an unseen horror

Skill      XL: |  1  2  3  4  5  6  7  8  9 10 |
---------------+-------------------------------+-----
Spellcasting   | 2 3 4 5 6 |  6.0
Necromancy     | 5 7 8 |  8.7
Summonings     | 1 3 4 5 |  5.0
Invocations    | 3 5 7 8 9 |  9.9
Fighting       | 2 5 |  5.0
Armour         | 2 4 |  4.7
Dodging        | 2 3 |  3.9
Stealth        | |  1.5

Action                   |  1- 3 |  4- 6 |  7- 9 | 10-12 || total
-------------------------+-------+-------+-------+-------++-------
Melee: Hand axe          |    24 |       |       |       ||    24
       Unarmed           |     1 |       |       |       ||     1
       Short sword       |    15 |       |       |       ||    15
       Whip              |       |    20 |       |       ||    20
       Trident           |       |    67 |   210 |    60 ||   337
       Club              |       |    12 |       |       ||    12
       Glaive            |       |       |       |    40 ||    40
       Great sword       |       |       |       |     8 ||     8
 Cast: Pain              |    67 |    23 |    26 |    33 ||   149
       Animate Skeleton  |     1 |     7 |     9 |     5 ||    22
       Vampiric Draining |       |     3 |    14 |    18 ||    35
       Call Canine Famil |       |     9 |    52 |    27 ||    88
       Animate Dead      |       |       |     3 |     8 ||    11
       Regeneration      |       |       |     1 |     2 ||     3
Invok: Convert to Beogh  |       |     1 |       |       ||     1
Evoke: Wand              |       |     2 |    10 |    19 ||    31
  Use: Scroll            |     2 |       |       |    12 ||    14
       Potion            |       |       |       |     5 ||     5
 Stab: Sleeping          |       |     2 |     1 |       ||     3
       Distracted        |       |     2 |     2 |       ||     4
       Confused          |       |       |       |     2 ||     2
  Eat: Chunk             |     6 |     7 |     7 |     1 ||    21
       Ration            |       |     1 |     5 |     3 ||     9
Armor: Robe              |    17 |    18 |    68 |    13 ||   116
       Animal skin       |       |       |       |    33 ||    33
Dodge: Dodged            |    46 |    65 |   114 |    86 ||   311
       Rpst.: Great sword |       |       |       |     2 ||     2
